Map: Abyssal Reef LE

Players

JagrsMullets - Winner!

  • Race: Protoss Protoss
  • Spawn Location: 5:00

A.I. 1 (Medium)

  • Race: Zerg Zerg
  • Spawn Location: 11:00

VOD

Have the link to the VOD?

Description

Time

  • Played on: Dec. 27, 2017, 2:57 a.m.
  • Length: 18:41
Show
View Real Time Build Order
Export as new Build Order

JagrsMullets Protoss - Winner!

Build Orders: 1 Gate Expand, Mass Adepts 

Get SALT Encoding   

  12  0:01  Probe  
  13  0:13  Probe  
  14  0:25  Pylon  
  14  0:35  Probe  
  15  0:45  Gateway  
  15  0:49  Probe  
  16  0:51  Assimilator  
  16  1:01  Probe  
  17  1:13  Probe  
  19  1:25  Probe  
  19  1:28  Nexus  
  19  1:40  Probe  
  20  1:50  Cybernetics Core  
  20  1:53  Probe  
  21  2:05  Probe  
  22  2:26  Gateway  
  22  2:28  Gateway  
  22  2:30  Pylon  
  22  2:40  Adept  
  24  2:46  Probe (Chrono Boost)  
  25  2:56  Probe (Chrono Boost)  
  26  3:01  Probe (Chrono Boost)  
  27  3:05  Assimilator  
  28  3:12  Probe  
  28  3:15  Assimilator  
  28  3:17  Assimilator  
  28  3:25  Adept x2 (Chrono Boost), Probe  
  28  3:26  Adept (Chrono Boost)  
  35  3:29  Warp Gate (Chrono Boost)  
  35  3:37  Probe (Chrono Boost)  
  35  3:40  Probe (Chrono Boost)  
  37  3:43  Adept x3 (Chrono Boost)  
  43  3:50  Probe (Chrono Boost)  
  43  3:55  Probe (Chrono Boost)  
  45  4:06  Pylon  
  45  4:07  Probe  
  46  4:15  Twilight Council  
  46  4:28  Adept x3  
  52  4:44  Robotics Facility  
  52  4:46  Resonating Glaives (Chrono Boost)  
  52  4:58  Stalker  
  54  5:11  Pylon  
  54  5:15  Pylon  
  54  5:18  Pylon  
  54  5:29  Stalker  
  54  5:30  Probe (Chrono Boost)  
  54  5:31  Stalker  
  54  5:32  Stalker  
  61  5:39  Probe (Chrono Boost)  
  63  5:47  Probe (Chrono Boost)  
  63  5:49  Probe (Chrono Boost)  
  64  5:51  Observer  
  64  5:54  Probe x2 (Chrono Boost)  
  67  6:03  Robotics Facility  
  67  6:06  Probe x2  
  67  6:07  Adept  
  75  6:12  Blink  
  75  6:18  Probe x2  
  73  6:25  Pylon  
  73  6:26  Pylon  
  73  6:28  Pylon  
  73  6:30  Pylon  
  73  6:50  Stalker x2  
  73  6:52  Stalker  
  73  6:53  Immortal x2 (Chrono Boost)  
  87  7:24  Nexus  
  87  7:25  Immortal x2  
  94  7:55  Pylon  
  94  7:57  Pylon  
  94  8:02  Assimilator  
  94  8:04  Immortal  
  102  8:06  Assimilator  
  102  8:18  Robotics Bay  
  102  8:25  Immortal  
  102  8:27  Forge  
  102  8:33  Gateway  
  102  8:34  Gateway  
  102  8:36  Gateway  
  102  8:52  Probe (Chrono Boost)  
  105  8:57  Probe x2 (Chrono Boost)  
  105  9:06  Probe x2 (Chrono Boost)  
  105  9:07  Protoss Ground Weapons Level 1  
  107  9:14  Observer Gravitic Boosters  
  107  9:26  Charge  
  107  9:44  Probe (Chrono Boost)  
  109  9:54  Probe (Chrono Boost)  
  109  9:56  Colossus (Chrono Boost)  
  109  9:57  Colossus (Chrono Boost)  
  109  9:59  Probe (Chrono Boost)  
  109  10:02  Extended Thermal Lance  
  122  10:10  Probe  
  123  10:22  Probe  
  112  10:40  Colossus x2 (Chrono Boost)  
  124  10:50  Stalker  
  124  10:51  Stalker x2  
  124  10:52  Stalker x2  
  124  10:53  Stalker  
  136  11:31  Stargate  
  136  11:32  Stargate  
  136  11:34  Stargate  
  136  11:56  Probe (Chrono Boost)  
  137  12:05  Photon Cannon x2, Probe (Chrono Boost)  
  138  12:09  Photon Cannon  
  138  12:10  Probe (Chrono Boost)  
  138  12:12  Photon Cannon  
  138  12:13  Photon Cannon x2  
  139  12:17  Photon Cannon  
  139  12:18  Photon Cannon  
  139  12:22  Probe  
  140  12:28  Pylon  
  140  12:31  Pylon  
  140  12:33  Pylon  
  140  12:35  Pylon  
  140  12:38  Fleet Beacon, Pylon  
  140  12:41  Pylon  
  140  12:46  Colossus  
  140  12:48  Zealot  
  140  12:51  Zealot x2  
  150  12:52  Zealot x2  
  150  12:53  Zealot  
  150  12:58  Protoss Air Weapons Level 1  
  158  13:00  Protoss Ground Weapons Level 2  
  158  13:34  Pylon  
  158  13:38  Pylon  
  158  13:43  Nexus  
  158  14:01  Zealot x2  
  158  14:02  Zealot x2  
  166  14:03  Zealot  
  166  14:04  Zealot  
  166  14:05  Mothership (Chrono Boost)  
  178  14:13  Graviton Catapult  
  178  14:54  Stalker, Carrier x2 (Chrono Boost)  
  192  15:13  Carrier  
  192  15:14  Assimilator  
  192  15:19  Assimilator  
  182  16:12  Carrier  
  182  16:13  Carrier  
Show
View Real Time Build Order
Export as new Build Order

A.I. 1 (Medium) Zerg 

Build Orders: Hatch First 

Get SALT Encoding   

  12  0:01  Drone  
  13  0:12  Overlord  
  13  0:17  Drone  
  14  0:30  Drone  
  14  0:33  Drone  
  16  0:36  Drone  
  17  0:56  Hatchery  
  16  0:58  Drone  
  17  1:12  Spawning Pool  
  17  1:14  Drone  
  17  1:18  Drone  
  18  1:20  Extractor  
  18  1:22  Drone  
  18  1:30  Overlord  
  18  2:00  Zergling x2  
  19  2:01  Zergling x2, Queen  
  19  2:02  Roach Warren  
  19  2:03  Extractor  
  19  2:04  Drone  
  19  2:08  Drone  
  22  2:14  Zergling x2  
  23  2:26  Baneling Nest  
  22  2:30  Drone  
  22  2:33  Zergling x2  
  25  2:37  Zergling x2  
  25  2:40  Zergling x2  
  26  2:58  Roach  
  26  3:00  Overlord  
  28  3:10  Drone  
  29  3:13  Drone  
  29  3:16  Roach  
  29  3:18  Drone  
  33  3:21  Drone  
  33  3:24  Drone  
  35  3:28  Drone  
  36  3:34  Lair, Baneling x2  
  35  3:54  Extractor  
  35  3:55  Drone  
  35  3:56  Roach  
  35  3:59  Overlord  
  37  4:14  Roach  
  37  4:17  Drone  
  40  4:23  Drone  
  41  4:26  Drone  
  41  4:27  Overlord  
  42  4:32  Infestation Pit  
  42  4:35  Hydralisk Den  
  40  4:42  Drone  
  41  4:45  Drone  
  41  4:48  Drone  
  41  4:52  Drone  
  44  4:55  Drone  
  44  4:58  Drone  
  46  5:01  Drone  
  46  5:05  Drone  
  46  5:06  Hydralisk  
  50  5:10  Overlord  
  50  5:12  Drone  
  51  5:15  Drone  
  51  5:18  Drone  
  51  5:21  Drone  
  54  5:24  Hydralisk, Drone  
  54  5:28  Drone  
  58  5:32  Overlord  
  58  5:34  Drone  
  59  5:37  Drone  
  59  5:42  Drone  
  61  5:47  Roach, Drone  
  65  5:50  Drone  
  65  5:52  Drone  
  65  5:53  Overlord  
  66  5:59  Drone  
  66  6:03  Drone  
  68  6:10  Drone  
  69  6:14  Overlord  
  69  6:18  Overseer  
  69  6:19  Roach, Drone  
  69  6:21  Overseer  
  69  6:22  Drone  
  73  6:28  Drone, Evolution Chamber  
  73  6:30  Spore Crawler  
  73  6:31  Spore Crawler, Drone  
  72  6:34  Drone  
  72  6:36  Overlord  
  73  6:41  Spore Crawler  
  73  6:42  Spore Crawler  
  73  6:43  Drone  
  73  6:46  Roach  
  74  6:47  Queen  
  74  6:52  Queen  
  78  6:57  Spine Crawler  
  78  7:00  Spine Crawler, Drone  
  77  7:03  Drone  
  77  7:04  Roach  
  77  7:06  Spine Crawler, Drone  
  80  7:10  Spine Crawler  
  80  7:11  Drone  
  80  7:20  Spire, Drone  
  80  7:21  Infestor  
  82  7:22  Evolution Chamber  
  82  7:24  Drone  
  82  7:39  Infestor  
  84  7:52  Extractor  
  84  7:57  Hydralisk  
  85  8:14  Drone  
  85  8:15  Hydralisk, Overlord  
  85  8:17  Drone  
  90  8:20  Drone  
  90  9:39  Corruptor  
  90  9:40  Hive  
  90  9:41  Pneumatized Carapace, Overlord x2, Overseer  
  90  9:42  Zerg Melee Weapons Level 1, Metabolic Boost, Zerg Ground Armor Level 1  
  92  9:50  Hatchery  
  92  9:51  Corruptor  
  93  10:24  Burrow  
  93  10:26  Zergling x2  
  61  10:37  Infestor  
  63  10:49  Infestor  
  65  10:57  Greater Spire, Ultralisk Cavern  
  65  11:04  Drone, Queen  
  65  11:07  Drone  
  65  11:10  Drone  
  69  11:12  Drone  
  69  11:15  Drone, Extractor  
  69  11:17  Spore Crawler  
  69  11:18  Drone  
  69  11:20  Spore Crawler  
  69  11:21  Drone, Extractor  
  69  11:24  Drone  
  70  11:27  Drone  
  71  11:36  Zerg Missile Weapons Level 1  
  71  11:44  Spine Crawler  
  71  11:45  Drone  
  71  11:46  Spine Crawler  
  70  11:48  Drone  
  71  12:10  Corruptor, Brood Lord  
  71  12:11  Spire  
  71  12:13  Drone  
  75  12:21  Corruptor  
  75  12:22  Brood Lord  
  79  13:18  Zergling x2  
  80  13:20  Zerg Melee Weapons Level 2, Overlord, Zergling x2, Viper  
  80  13:21  Mutalisk  
  80  13:24  Mutalisk  
  80  13:26  Zergling x2  
  89  13:29  Zergling x2  
  89  13:30  Zerg Ground Armor Level 2  
  89  13:31  Zergling x2  
  89  13:33  Mutalisk, Zerg Flyer Weapons Level 1  
  93  13:35  Mutalisk  
  93  13:38  Zergling x2  
  93  13:40  Zergling x2  
  97  13:42  Zergling x2  
  97  13:44  Zergling x2  
  97  13:47  Zergling x2  
  100  13:49  Zergling x2  
  100  13:51  Mutalisk  
  100  13:52  Baneling x3  
  100  13:53  Zerg Flyer Armor Level 1  
  100  13:54  Mutalisk  
  105  13:56  Mutalisk  
  105  13:58  Mutalisk  
  105  14:01  Zergling x2  
  110  14:03  Zergling x2, Baneling  
  110  14:05  Zergling x2, Baneling x2  
  112  14:10  Centrifical Hooks  
  98  14:40  Overseer  
  98  14:43  Overseer  
  98  14:44  Overlord  
  96  15:00  Hatchery  
  95  15:10  Zergling x2, Queen  
  95  15:13  Zergling x2  
  85  15:15  Zergling x2  
  85  15:17  Overlord, Zergling x2  
  85  15:19  Drone, Zergling x2  
  85  15:21  Spine Crawler, Zergling x2  
  82  15:23  Zergling x2  
  82  15:25  Spine Crawler, Drone  
  82  15:26  Zergling x2  
  82  15:28  Zerg Flyer Weapons Level 2, Spore Crawler  
  78  15:29  Zergling x2  
  78  15:30  Drone  
  78  15:31  Zergling x2  
  78  15:32  Spore Crawler  
  78  15:33  Drone  
  78  15:34  Zergling x2  
  66  15:35  Drone  
  66  15:36  Zerg Missile Weapons Level 2, Baneling  
  66  15:37  Zergling x2  
  66  15:38  Drone  
  66  15:39  Baneling  
  66  15:42  Drone  
  68  15:43  Baneling x2  
  68  15:44  Zergling x2  
  68  15:45  Drone  
  68  15:46  Zergling x2  
  68  15:48  Drone  
  68  15:49  Zerg Flyer Armor Level 2, Zergling x2  
  66  15:51  Drone, Zergling x2  
  66  15:53  Zergling x2  
  66  15:54  Drone x2  
  58  15:57  Drone  
  58  15:58  Drone  
  58  16:00  Drone, Baneling  
  58  16:03  Baneling  
  56  16:08  Drone, Zergling x2, Queen  
  56  16:10  Zergling x2  
  52  16:11  Drone  
  52  16:12  Zergling x2  
  52  16:15  Baneling x2  
  46  16:21  Zergling x2  
  46  16:23  Drone  
  43  16:26  Baneling  
  43  16:32  Roach  
  40  16:34  Zergling x2  
  40  16:36  Drone  
  40  16:37  Zergling x2  
  40  16:39  Zergling x2  
  39  16:44  Drone  
  28  16:55  Drone, Baneling  
  29  17:04  Roach  
  29  17:05  Drone  
  29  17:08  Drone, Overseer  
  33  17:09  Hatchery  
  33  17:11  Zergling x2  
  33  17:17  Drone  
  33  17:21  Hatchery  
  33  17:27  Corruptor  
  33  17:29  Extractor  
  34  17:33  Drone  
  34  17:35  Zergling x2  
  34  17:36  Drone  
  35  17:38  Overseer  
  35  17:39  Overseer  
  35  17:42  Roach, Overseer  
  26  17:51  Zergling x2  
  16  18:01  Roach  
  16  18:02  Drone  
  16  18:03  Overseer  
  16  18:05  Drone  
  11  18:10  Overseer  
Tags
 
Add a new tag
Caveats
  • Supply blocks, unpowered buildings, or Contaminate may cause inaccurate times.
  • Supply counts are checked every 10 seconds.